 Dungeon Crawl Stone Soup version 0.26-a0-1213-gd52f5182fe (webtiles) character file.

Game seed: 8120935380700830041

29345 DocSulfur the Transmogrifier (level 13, -2/105 HPs)
             Began as a Merfolk Transmuter on Dec 30, 2020.
             Was the Champion of Okawaru.
             Slain by a boulder beetle (15 damage)
             ... on level 3 of the Lair of Beasts.
             The game lasted 01:32:33 (24101 turns).

DocSulfur the Transmogrifier (Merfolk Transmuter)  Turns: 24101, Time: 01:32:33

Health: -2/105     AC: 21    Str: 17    XL:     13   Next: 44%
Magic:  0/34       EV: 15    Int: 14    God:    Okawaru [******]
Gold:   1077       SH:  0    Dex: 16    Spells: 20/28 levels left

rFire    . . .     SeeInvis .     - Unarmed
rCold    . . .     Faith    .   (no shield)
rNeg     . . .     Spirit   +   I - +3 scale mail {rPois}
rPois    +         Reflect  .   K - +1 hat
rElec    +         Harm     .   u - +0 cloak
rCorr    .         Rampage  .   l - +2 pair of gloves
Will     .....                  (no boots)
Stlth    +.........             j - amulet of guardian spirit
HPRegen  0.27/turn              o - ring of magical power
MPRegen  0.24/turn              R - ring of the Destroying Hero {rElec AC+4 Str+3 Stlth+}

@: about to teleport, wereblooded (expiring), studying Ice Magic
A: change form in water, swift swim, stealthy swim, blurry vision 1, clever 1,
robust 1
a: Renounce Religion, Heroism, Finesse


You were on level 3 of the Lair of Beasts.
You worshipped Okawaru.
Okawaru was exalted by your worship.
You visited 4 branches of the dungeon, and saw 17 of its levels.
You also visited: Ice Cave.

You collected 1203 gold pieces.
You spent 126 gold pieces at shops.

Inventory:

Missiles
 b - 77 poisoned darts (quivered)
 e - 6 javelins
 t - 20 curare-tipped darts
Armour
 l - a +2 pair of gloves (worn)
 u - a +0 cloak (worn)
 I - a +3 scale mail of poison resistance (worn)
 K - a +1 hat (worn)
Jewellery
 j - an amulet of guardian spirit (around neck)
 o - a ring of magical power (left hand)
 q - an uncursed ring of ice
 N - an uncursed ring of poison resistance
 P - an uncursed ring of positive energy
 R - the ring of the Destroying Hero (right hand) {rElec AC+4 Str+3 Stlth+}
   (You found it in an ice cave)

   [ring of protection]

   It affects your AC (+4).
   It affects your strength (+3).
   It insulates you from electricity.
   It makes you more stealthy.
Wands
 h - a wand of acid (9)
 m - a wand of paralysis (12)
 z - a wand of random effects (12)
 L - a wand of enslavement (8)
Scrolls
 f - 10 scrolls of remove curse
 i - a scroll of fog
 k - 6 scrolls of teleportation
 n - 6 scrolls of amnesia
 p - a scroll of identify
 r - 2 scrolls of enchant weapon
 w - a scroll of holy word
 C - 2 scrolls of blinking
 D - a scroll of vulnerability
 E - 2 scrolls of magic mapping
 F - a scroll of brand weapon
 G - 2 scrolls of enchant armour
 H - a scroll of silence
 M - a scroll of torment
Potions
 d - a potion of brilliance
 g - 2 potions of flight
 s - 4 potions of invisibility
 v - 4 potions of might
 x - a potion of haste
 A - a potion of resistance
 J - 2 potions of attraction
Books
 Q - a manual of Ice Magic


   Skills:
 * Level 7.1 Fighting
 * Level 10.7 Armour
 - Level 7.8 Dodging
 + Level 10.8 Unarmed Combat
 - Level 8.4 Spellcasting
 - Level 12.0 Transmutations


You had 20 spell levels left.
You knew the following spells:

 Your Spells              Type           Power        Failure   Level
a - Blade Hands           Tmut           19%          6%          5
b - Wereblood             Tmut           39%          1%          2
c - Beastly Appendage     Tmut           78%          1%          1

Your spell library contained the following spells:

 Spells                   Type           Power        Failure   Level
 Passwall                 Tmut/Erth      18%          4%          2
 Spider Form              Tmut/Pois      11%          9%          3
 Ignite Poison            Fire/Tmut/Pois 17%          19%         3
 Ice Form                 Ice/Tmut       22%          26%         4
 Petrify                  Tmut/Erth      22%          26%         4
 Corona                   Hex            5%           32%         1
 Magic Dart               Conj           20%          32%         1
 Sandblast                Erth           10%          32%         1
 Blink                    Tloc           N/A          43%         2
 Call Imp                 Summ           5%           43%         2
 Ensorcelled Hibernation  Hex/Ice        10%          43%         2
 Poisonous Vapours        Pois/Air       10%          43%         2
 Slow                     Hex            5%           43%         2
 Irradiate                Conj/Tmut      11%          58%         5
 Yara's Violent Unravell  Hex/Tmut       11%          58%         5
 Confusing Touch          Hex            5%           67%         3
 Conjure Flame            Conj/Fire      5%           67%         3
 Dazzling Flash           Conj/Hex       10%          67%         3
 Mephitic Cloud           Conj/Pois/Air  5%           67%         3
 Stone Arrow              Conj/Erth      10%          67%         3
 Tukima's Dance           Hex            5%           67%         3
 Dragon Form              Tmut           19%          89%         7
 Iskenderun's Mystic Bla  Conj/Tloc      5%           97%         4
 Lee's Rapid Deconstruct  Erth           2%           100%        5
 Freezing Cloud           Conj/Ice/Air   2%           100%        6
 Malign Gateway           Summ/Tloc      2%           100%        7
 Disjunction              Tloc           2%           100%        8


Dungeon Overview and Level Annotations

Branches:
Dungeon (12/15)            Temple (1/1) D:6            Lair (3/6) D:8
  Snake (0/4) Lair:2          Orc (1/2) D:11          IceCv (visited)
  Swamp: Lair:2-4    Shoals: Lair:2-4

Altars:
Ashenzari
Cheibriados
Dithmenos
Elyvilon
Fedhas
Gozag
Hepliaklqana
Kikubaaqudgha
Makhleb
Nemelex Xobeh
Okawaru
Qazlal
Ru
Sif Muna
Trog
Uskayaw
Vehumet
Wu Jian
Xom
Yredelemnul
Zin
The Shining One

Shops:
D:4 ?   D:6 }   D:9 *?   D:12 *


Innate Abilities, Weirdness & Mutations

You revert to your normal form in water.
You are very nimble and swift while swimming.
You are very stealthy in the water. (Stealth+)
Scrolls take you a little longer to read.
Your mind is acute. (Int +2)
You are robust. (+10% HP)


Message History

You see here a cane toad corpse.
The boulder beetle hits you!!!
* * * LOW HITPOINT WARNING * * *
The boulder beetle stops rolling and uncurls.
You hit the boulder beetle but do no damage.
The boulder beetle bites you!
* * * LOW HITPOINT WARNING * * *
Really read with blurry vision while enemies are nearby? [Y]es or [N]o only, please.
Really read with blurry vision while enemies are nearby?
You begin reading the scroll.
You continue reading the scroll.
The boulder beetle bites you but does no damage.
As you read the scroll of teleportation, it crumbles to dust.
You feel strangely unstable.
Your hands revert to their normal proportions.
Your +2 pair of gloves unmelds from your body.
The boulder beetle curls into a ball and begins rolling!
Your primal bloodlust is almost over.
The boulder beetle hits you!!
You die...

###...# ##
#.P...####.##
##...........# #
#............#
#.#............##
................#
#.............#
#...@.......#
#...B.......#
#....○......#
#....°......#
##.#.°#..##P#
###...### # ##.†#
#..### ##...#


You could see a boulder beetle.

Vanquished Creatures
  Kirke (D:12)
  Sonja (D:10)
  Nergalle (D:12)
  A hell knight (D:12)
  3 unseen horrors
  Pikel (D:7)
  A cyclops (D:12)
  3 ugly things
  A centaur zombie (D:12)
  2 centaur skeletons
  5 cane toads
  3 ice statues (IceCv)
  2 rime drakes (Lair:3)
  4 komodo dragons
  2 trolls
  4 blink frogs (Lair:3)
  Prince Ribbit (D:7)
  A wraith (D:11)
  34 yaks
  3 basilisks
  7 fire bats (Lair:2)
  A hog (D:12)
  A human (D:12)
  A wyvern (Lair:3)
  A steam dragon (D:8)
  Menkaure (D:4)
  4 nagas (Lair:2)
  A warg (Orc:1)
  5 water moccasins
  3 hell hounds (D:12)
  3 sky beasts
  Duvessa (D:7)
  7 orc warriors
  9 ice beasts
  8 ogres
  The ghost of Majang the Ruffian, an amateur NaTm (D:3)
  3 black bears
  A phantom (D:8)
  9 centaurs
  A necrophage (D:11)
  14 wolves
  A lemure (D:6)
  3 big kobolds
  15 bullfrogs
  A gnoll sergeant (D:11)
  A wyvern zombie (D:12)
  Dowan (D:7)
  4 scorpions
  3 wights (D:11)
  4 electric eels (D:8)
  6 howler monkeys
  4 jellies
  A bullfrog zombie (D:7)
  A quasit (D:9)
  6 hounds
  8 orc priests
  2 bullfrog skeletons
  4 iguanas
  Ijyb (D:4)
  8 orc wizards
  9 worker ants
  A hound zombie (D:9)
  A hound skeleton (D:9)
  2 worker ant zombies
  12 adders
  3 gnolls (D:11)
  A shadow imp (D:8)
  A white imp (D:5)
  3 ufetubi
  An adder zombie (D:5)
  An ooze (D:4)
  An adder skeleton (D:4)
  5 worms
  2 dart slugs
  5 leopard geckos
  46 orcs
  3 bats (D:1)
  2 giant cockroaches
  2 gnoll zombies (D:7)
  13 goblins
  6 hobgoblins
  12 jackals
  26 kobolds
  6 quokkas
  4 ball pythons
  2 frilled lizards
  A jackal zombie (D:5)
  A leopard gecko skeleton (D:6)
  A leopard gecko zombie (D:6)
  A quokka skeleton (D:8)
  4 rats
  A fire vortex (Lair:2)
409 creatures vanquished.

Vanquished Creatures (others)
  A deep elf mage (D:12)
  3 humans (D:12)
  2 centaurs (D:12)
  A water moccasin skeleton (D:12)
  A shadow imp (D:8)
  An orc (D:12)
  30 fungi
  11 plants
  5 toadstools (D:4)
55 creatures vanquished.

Grand Total: 464 creatures vanquished

Notes
Turn   | Place    | Note
-------+----------+-------------------------------------------
     0 | D:1      | DocSulfur the Merfolk Transmuter began the quest for the
                  | Orb.
     0 | D:1      | Reached XP level 1. HP: 15/15 MP: 3/3
   149 | D:1      | Reached skill level 3 in Transmutations
   167 | D:1      | Reached XP level 2. HP: 7/21 MP: 3/5
  1138 | D:2      | Reached XP level 3. HP: 26/26 MP: 4/6
  1243 | D:2      | Reached skill level 4 in Transmutations
  1426 | D:2      | Learned a level 2 spell: Wereblood
  1587 | D:2      | You fall into a shaft and drop 1 floor!
  1808 | D:3      | Reached XP level 4. HP: 29/32 MP: 5/7
  2285 | D:3      | Noticed Majang's ghost (amateur NaTm)
  2286 | D:3      | Found a runed translucent gate.
  2287 | D:3      | Found a runed translucent gate.
  2643 | D:3      | Reached skill level 5 in Transmutations
  2709 | D:3      | Found a runed translucent gate.
  2915 | D:3      | Reached skill level 5 in Unarmed Combat
  2915 | D:3      | Reached XP level 5. HP: 14/37 MP: 3/8
  3255 | D:3      | Killed Majang's ghost
  3256 | D:3      | Reached skill level 6 in Transmutations
  3256 | D:3      | Reached XP level 6. HP: 13/43 MP: 3/9
  3277 | D:3      | Gained mutation: You have a pair of small horns on your
                  | head. [potion of mutation]
  3277 | D:3      | Gained mutation: Your magical capacity is low. (-10% MP)
                  | [potion of mutation]
  3277 | D:3      | Gained mutation: You are partially covered in molten
                  | scales. (AC +2) [potion of mutation]
  3514 | D:3      | Lost mutation: You are partially covered in molten scales.
                  | (AC +2) [potion of mutation]
  3514 | D:3      | Lost mutation: You have a pair of small horns on your head.
                  | [potion of mutation]
  3514 | D:3      | Gained mutation: You expend magic power (3 MP) to
                  | strengthen your wands. [potion of mutation]
  3514 | D:3      | Gained mutation: You are agile. (Dex +2) [potion of
                  | mutation]
  3793 | D:3      | Learned a level 5 spell: Blade Hands
  4113 | D:4      | Noticed a sky beast
  4538 | D:4      | Noticed Menkaure
  4551 | D:4      | Killed Menkaure
  4552 | D:4      | Reached skill level 7 in Transmutations
  4552 | D:4      | Reached XP level 7. HP: 48/48 MP: 2/9
  4880 | D:4      | Noticed Ijyb
  4930 | D:4      | Found Pissoij's Magic Scroll Boutique.
  4998 | D:4      | Paralysed by Ijyb for 6 turns
  5006 | D:4      | Killed Ijyb
  5489 | D:4      | Bought 3 scrolls of identify for 66 gold pieces
  5577 | D:5      | Entered Level 5 of the Dungeon
  5691 | D:5      | Reached skill level 5 in Dodging
  5691 | D:5      | Reached skill level 8 in Transmutations
  5691 | D:5      | Reached XP level 8. HP: 42/54 MP: 12/12
  6310 | D:5      | Paralysed by an orc for 4 turns
  6311 | D:5      | Reached skill level 9 in Transmutations
  7206 | D:6      | Found Ownionud's Gadget Emporium.
  7339 | D:6      | Reached skill level 5 in Spellcasting
  7339 | D:6      | Reached XP level 9. HP: 59/59 MP: 14/14
  7453 | D:6      | Found a staircase to the Ecumenical Temple.
  7526 | Temple   | Entered the Ecumenical Temple
  8408 | D:7      | Noticed Pikel
  8563 | D:7      | Reached skill level 10 in Transmutations
  8633 | D:7      | Found a white marble altar of Elyvilon.
  8633 | D:7      | Found a glowing golden altar of the Shining One.
  8677 | D:7      | Reached skill level 1 in Armour
  8895 | D:7      | Killed Pikel
  9281 | D:7      | Found a basalt altar of Yredelemnul.
  9366 | D:7      | Found an iron altar of Okawaru.
  9409 | D:7      | Noticed Duvessa
  9410 | D:7      | Noticed Dowan
  9429 | D:7      | Killed Duvessa
  9441 | D:7      | Killed Dowan
  9482 | D:7      | Became a worshipper of Warmaster Okawaru
  9680 | D:7      | Noticed Prince Ribbit
  9726 | D:7      | Killed Prince Ribbit
  9727 | D:7      | Reached skill level 11 in Transmutations
  9943 | D:8      | Noticed a troll
  9970 | D:8      | Killed a troll
  9971 | D:8      | Reached XP level 10. HP: 9/65 MP: 0/16
 10472 | D:8      | Found a radiant altar of Vehumet.
 10846 | D:7      | Reached skill level 5 in Armour
 10928 | D:8      | Reached * piety under Okawaru
 11186 | D:8      | Found a staircase to the Lair.
 13759 | D:9      | Reached skill level 12 in Transmutations
 13841 | D:9      | Found Teseohy's Elemental Accessories.
 14036 | D:9      | Found a burning altar of Makhleb.
 14235 | D:9      | Found a broken altar of Ashenzari.
 14333 | D:9      | Found Kuoh's Magic Scroll Shoppe.
 14341 | D:9      | Bought a scroll of magic mapping for 38 gold pieces
 14721 | D:9      | Found a blossoming altar of Fedhas.
 14785 | D:10     | Entered Level 10 of the Dungeon
 14882 | D:10     | Reached ** piety under Okawaru
 14952 | D:10     | Reached XP level 11. HP: 31/70 MP: 12/18
 15519 | D:9      | Lost mutation: Your magical capacity is low. (-10% MP)
                  | [potion of mutation]
 15519 | D:9      | Lost mutation: You are agile. (Dex +2) [potion of mutation]
 15519 | D:9      | Lost mutation: You expend magic power (3 MP) to strengthen
                  | your wands. [potion of mutation]
 15519 | D:9      | Gained mutation: You are frail. (-10% HP) [potion of
                  | mutation]
 15519 | D:9      | Gained mutation: You are somewhat resistant to further
                  | mutation. [potion of mutation]
 15614 | D:9      | Killed an unseen horror
 15614 | D:9      | Reached *** piety under Okawaru
 15947 | D:10     | Noticed Sonja
 15954 | D:10     | Killed Sonja
 16167 | D:10     | Killed an unseen horror
 16707 | D:11     | Reached **** piety under Okawaru
 16960 | D:11     | Found a blossoming altar of Fedhas.
 17282 | D:11     | Found a staircase to the Orcish Mines.
 17822 | D:12     | Reached ***** piety under Okawaru
 18055 | D:12     | Noticed Kirke
 18058 | D:12     | Reached XP level 12. HP: 55/68 MP: 19/23
 18064 | D:12     | Killed Kirke
 18292 | D:12     | Identified the Guide on Spatial Envenoming
 18595 | D:12     | Lost mutation: You are somewhat resistant to further
                  | mutation. [potion of mutation]
 18595 | D:12     | Lost mutation: You are frail. (-10% HP) [potion of
                  | mutation]
 18595 | D:12     | Gained mutation: Scrolls take you a little longer to read.
                  | [potion of mutation]
 18595 | D:12     | Gained mutation: You are robust. (+10% HP) [potion of
                  | mutation]
 18595 | D:12     | Gained mutation: Your mind is acute. (Int +2) [potion of
                  | mutation]
 19043 | D:12     | Noticed a hell knight
 19045 | D:12     | Noticed a hell knight
 19049 | D:12     | Noticed a hell knight
 19120 | D:12     | Found Giawoum's General Store.
 19123 | D:12     | Bought a scroll of identify for 22 gold pieces
 19143 | D:12     | Noticed Nergalle
 19156 | D:12     | Killed Nergalle
 19156 | D:12     | Reached ****** piety under Okawaru
 19156 | D:12     | Received a gift from Okawaru
 19766 | Orc:1    | Entered Level 1 of the Orcish Mines
 20041 | Lair:1   | Entered Level 1 of the Lair of Beasts
 20535 | Lair:1   | Reached skill level 10 in Unarmed Combat
 20961 | Lair:2   | Reached skill level 10 in Armour
 21091 | Lair:2   | Found a frozen archway.
 21105 | IceCv    | Entered an ice cave
 21123 | IceCv    | Reached XP level 13. HP: 94/99 MP: 25/25
 21125 | IceCv    | Reached skill level 5 in Fighting
 22342 | IceCv    | Got a smoking golden ring
 22355 | IceCv    | Identified the ring of the Destroying Hero {rElec AC+4
                  | Str+3 Stlth+} (You found it in an ice cave)
 22396 | IceCv    | Identified a scroll of acquirement
 22396 | IceCv    | Acquired the Volume of the Voyage and Shape Shifting
 22608 | Lair:2   | Got a bloodstained scale mail
 22618 | Lair:2   | Identified the cursed +1 scale mail of Inwuin {Slay+2} (You
                  | found it on level 2 of the Lair of Beasts)
 22995 | Lair:2   | Received a gift from Okawaru
 23168 | Lair:2   | Found a staircase to the Snake Pit.
 24101 | Lair:3   | Slain by a boulder beetle

Illustrated notes

Levels and vault maps discovered:
D:1:      dpeg_arrival_simpleton_a, layout_loops_cross
D:2:      layout_basic, kennysheep_boxes
D:3:      layout_loops_ring, gammafunk_ghost_split, minmay_statues_item,
          hangedman_decor_growths
D:4:      wad_pebble_path, layout_basic, serial_shops,
          nicolae_shop_window_shopping, minmay_gold_behind_fungi, uniq_ijyb,
          uniq_menkaure
D:5:      layout_loops_ring, minmay_hedge_maze
D:6:      minmay_skewed_foursquare, layout_cave_pools, temple_hall,
          serial_shops, nicolae_shop_trees
D:7:      layout_basic, lemuel_zombie_altar_yredelemnul, kennysheep_little_box,
          chequers_temple_overflow_statue_of_worship, enter_bailey_5,
          uniq_duvessa, uniq_prince_ribbit1, uniq_pikel
D:8:      layout_gridville, erik_lair_island, basic_altar
D:9:      layout_loops_ring, cheibrodos_ashenzari_chains, marbit_many_paths,
          old_standard_altar, serial_shops, shop, corexii_checkpoint_a,
          nicolae_elemental_shop
D:10:     cheibrodos_helix_gallery, layout_irregular_city, minmay_orc_keep,
          uniq_sonja
D:11:     layout_cave_pools, orc_0_dummy, fedhas_bush_and_centaur_altar
D:12:     layout_irregular_city, serial_shops, kennysheep_mini_moat,
          minmay_rotating_lava, uniq_nergalle, uniq_kirke
Temple:   nicolae_temple_no_exploring_needed
Lair:1:   layout_chaotic_city, small_statue_intersection
Lair:2:   layout_chaotic_city, minmay_snake_entry_guardpost_small,
          portal_ice_cave_entry_pillars_1
Lair:3:   layout_roguey
Orc:1:    layout_caves, serial_shops, shop, nicolae_orc_bridge_out

Skill      XL: |  1  2  3  4  5  6  7  8  9 10 11 12 13 |
---------------+----------------------------------------+-----
Transmutations | 3 4 5 6 7 8 9 11 12 | 12.0
Unarmed Combat | 4 5 6 7 8 10 | 10.8
Dodging        | 3 5 7 |  7.8
Spellcasting   | 3 5 6 7 8 |  8.4
Armour         | 4 6 8 10 | 10.7
Fighting       | 4 7 |  7.1

Action                   |  1- 3 |  4- 6 |  7- 9 | 10-12 | 13-15 || total
-------------------------+-------+-------+-------+-------+-------++-------
Melee: Unarmed           |   130 |   187 |   432 |   698 |   194 ||  1641
       Headbutt          |    18 |    32 |    84 |    44 |       ||   178
       Punch             |       |     6 |    19 |    32 |    10 ||    67
       Tailslap          |       |     1 |       |     3 |       ||     4
Throw: Javelin           |       |     1 |    41 |     9 |     6 ||    57
 Cast: Beastly Appendage |    24 |    26 |    48 |    31 |       ||   129
       Wereblood         |       |     1 |     9 |    16 |     5 ||    31
       Blade Hands       |       |       |       |    60 |    24 ||    84
Invok: Heroism           |       |       |       |       |     1 ||     1
Evoke: Wand              |       |     2 |     2 |     4 |     1 ||     9
  Use: Scroll            |       |     9 |     7 |    13 |     5 ||    34
       Potion            |       |     3 |       |     3 |       ||     6
 Stab: Sleeping          |     2 |     4 |       |       |       ||     6
       Paralysed         |       |       |     3 |     1 |       ||     4
       Distracted        |       |       |       |     1 |       ||     1
Armor: Robe              |    15 |    15 |    51 |       |       ||    81
       Ring mail         |       |       |    39 |   133 |       ||   172
       Scale mail        |       |       |       |    85 |    65 ||   150
Dodge: Dodged            |    90 |    96 |   283 |   515 |   130 ||  1114

Table legend: (Time is in decaauts)
 A = Elapsed time spent in this place.
 B = Non-inter-level travel time spent in this place.
 C = Inter-level travel time spent in this place.
 D = Time resting spent in this place.
 E = Time spent auto-exploring this place.
 F = Levels seen in this place.
 G = Mean time per level.
                   A        B        C        D        E       F      G
               +--------+--------+--------+--------+--------+-----+--------+
         Total |  23863 |  23080 |    783 |   4126 |  11215 |  18 | 1325.7 |
       Dungeon |  19897 |  19171 |    726 |   3019 |   9632 |  12 | 1658.1 |
        Temple |      4 |      4 |      0 |      0 |      0 |   1 |    4.0 |
          Lair |   2543 |   2486 |     57 |     33 |   1583 |   3 |  847.7 |
  Orcish Mines |     20 |     20 |      0 |      0 |      0 |   1 |   20.0 |
      Ice Cave |   1397 |   1397 |      0 |   1074 |      0 |   1 | 1397.0 |
               +--------+--------+--------+--------+--------+-----+--------+

Top non-repeatable levels by time:
     D:8: 3280 daAuts
     D:7: 1978 daAuts
    D:12: 1899 daAuts
     D:4: 1836 daAuts
     D:3: 1815 daAuts
     D:5: 1649 daAuts
    D:11: 1558 daAuts
     D:9: 1541 daAuts
   IceCv: 1397 daAuts
    D:10: 1274 daAuts
     D:1: 1126 daAuts
     D:6: 1082 daAuts
  Lair:2: 959 daAuts
  Lair:1: 907 daAuts
     D:2: 853 daAuts
